 Dungeon Crawl Stone Soup version 0.21.1-1-g345015f (webtiles) character file.

119 tidbits the Insei (level 5, 29/36 HPs)
             Began as a Gnoll Transmuter on Feb 14, 2018.
             Quit the game on level 3 of the Dungeon.
             The game lasted 00:04:59 (432 turns).

tidbits the Insei (Gnoll Transmuter)                 Turns: 432, Time: 00:05:00

Health: 29/36      AC:  2    Str: 13    XL:     5   Next: 3%
Magic:  2/12       EV: 15    Int: 16    God:
Gold:   77         SH:  0    Dex: 15    Spells: 8/14 levels left

rFire    . . .     SeeInvis .     - Unarmed
rCold    . . .     Gourm    .   (no shield)
rNeg     . . .     Faith    .   b - +0 robe
rPois    .         Spirit   .   (no helmet)
rElec    .         Reflect  .   (no cloak)
rCorr    .         Harm     .   (no gloves)
MR       .....                  (no boots)
Stlth    ++........             (no amulet)
HPRegen  0.12/turn              (no ring)
MPRegen  0.13/turn              (no ring)

@: mildly poisoned (29 -> 27), very slightly contaminated
A: distributed training, fangs 1, hooves 1, deterioration 1, frail 1, strong
nose
a: no special abilities


You were on level 3 of the Dungeon.
You were not hungry.

You visited 1 branch of the dungeon, and saw 3 of its levels.

You collected 77 gold pieces.

Inventory:

Missiles
 a - 10 arrows
 h - 21 sling bullets
Armour
 b - a +0 robe (worn)
 p - a cursed +0 ring mail
Wands
 n - a wand of paralysis (4)
Scrolls
 e - a scroll of enchant armour {unknown}
 f - a scroll of remove curse
 j - a scroll of enchant weapon {unknown}
 o - a scroll of blinking {unknown}
Potions
 g - a potion of haste {unknown}
 i - a potion of lignification {unknown}
 l - a potion of heal wounds {unknown}
 m - a potion of resistance {unknown}
Books
 c - a book of Changes

   Spells                             Type                      Level
   a - Beastly Appendage              Transmutation                1
   b - Sticks to Snakes               Transmutation                2
   c - Spider Form                    Transmutation/Poison         3
   d - Ice Form                       Ice/Transmutation            4
   e - Blade Hands                    Transmutation                5
Comestibles
 d - 3 rations
 q - 2 chunks of flesh


   Skills:
 + Level 2.8 Fighting
 + Level 1.3 Short Blades
 + Level 1.3 Long Blades
 + Level 1.3 Axes
 + Level 1.3 Maces & Flails
 + Level 1.3 Polearms
 + Level 1.3 Staves
 + Level 1.3 Slings
 + Level 1.3 Bows
 + Level 1.3 Crossbows
 + Level 1.3 Throwing
 + Level 1.3 Armour
 + Level 4.7 Dodging
 + Level 1.3 Stealth
 + Level 1.3 Shields
 + Level 6.6 Unarmed Combat
 + Level 5.1 Spellcasting
 + Level 1.0 Conjurations
 + Level 1.0 Hexes
 + Level 1.0 Charms
 + Level 1.0 Summonings
 + Level 1.0 Necromancy
 + Level 1.0 Translocations
 + Level 3.9 Transmutations
 + Level 1.0 Fire Magic
 + Level 1.0 Ice Magic
 + Level 1.0 Air Magic
 + Level 1.0 Earth Magic
 + Level 1.0 Poison Magic
 + Level 1.4 Invocations
 + Level 1.3 Evocations


You had 8 spell levels left.
You knew the following spells:

 Your Spells              Type           Power        Failure   Level  Hunger
e - Beastly Appendage     Tmut           ###...       3%          1    None
k - Sticks to Snakes      Tmut           ###.....     4%          2    #......
p - Spider Form           Tmut/Pois      ##........   16%         3    ###....


Dungeon Overview and Level Annotations

Branches:
Dungeon (3/15)

Altars:


Innate Abilities, Weirdness & Mutations

Your experience applies equally to all skills.
You have very sharp teeth.
Your uncanny sense of smell can sniff out nearby items.
You have large cloven feet.
Your body sometimes deteriorates upon taking damage.
You are frail. (-10% HP)


Message History

The ball python is heavily wounded.
You kill the ball python!
You hit the rat.
The rat is poisoned.
The rat is moderately wounded.
Your transformation is almost over.
You kill the rat!
A jackal comes into view.
A frilled lizard and an adder come into view.
The frilled lizard hisses angrily.
A jackal comes into view.
The jackal barks! x2; You hear a bark!
You hear an angry hiss.
A jackal comes into view.
Your transformation has ended.
Your +0 robe unmelds from your body.
Found a scroll labeled YGEWIH QOKHEIT.
Unknown command.
You see here a scroll labeled YGEWIH QOKHEIT.
o - a scroll labeled YGEWIH QOKHEIT
Found a runed ring mail.
Casting: Spider Form
Confirm with . or Enter, or press ? or * to list all spells.
You miscast Spider Form.
You are very lightly contaminated with residual magic.
You feel odd.
The jackal bites you but does no damage.
A jackal comes into view.
Casting: Spider Form
Confirm with . or Enter, or press ? or * to list all spells.
You turn into a venomous arachnid creature.
Your +0 robe melds into your body.
The jackal barks!
The jackal completely misses you.
You barely miss the jackal. You hit the jackal.
The jackal is poisoned.
The jackal is almost dead.
The jackal completely misses you.
You hit the jackal.
You kill the jackal!
The jackal barely misses you.
You hit the jackal.
The jackal is heavily wounded.
The jackal barely misses you.
You bite the jackal!
You kill the jackal!
You hit the jackal.
The jackal is poisoned.
The jackal is moderately wounded.
The jackal bites you.
You bite the jackal!
You kill the jackal!
You hit the jackal.
The jackal is poisoned.
The jackal is lightly wounded.
The jackal misses you.
You hit the jackal.
You kill the jackal!
You hit the frilled lizard.
You kill the frilled lizard!
Your transformation is almost over.
You see here a runed ring mail.
p - a runed ring mail An adder comes into view.
Your transformation has ended.
Your +0 robe unmelds from your body.
Casting: Spider Form
Confirm with . or Enter, or press ? or * to list all spells.
You miscast Spider Form.
Waves of light ripple over your body.
Found a stone staircase leading down.
The helpless adder fails to defend itself.
You hit the adder.
The adder is moderately wounded.
The adder bites you but does no damage.
You hit the adder.
The adder is severely wounded.
The adder bites you.
You are poisoned.
The adder poisons you!
You hit the adder.
The adder is severely wounded.
You feel sick. The adder closely misses you. The adder bites you.
You punch the adder!
You kill the adder!
You have reached level 5!
You feel sick.
You see here an adder corpse.
You butcher the adder corpse.
Things that are here:
2 chunks of flesh; an adder skeleton
q - 2 chunks of flesh You feel sick.
You feel sick.
There is a stone staircase leading down here.
It was a potion of mutation.
You feel extremely strange.
You feel jittery.
You feel frail.
Your thoughts seem clearer.
Really quaff
k - a potion of mutation {!q}?
You feel extremely strange.
Your thinking seems confused.
You no longer feel jittery.
You feel yourself wasting away.
Your feet thicken and deform.
Are you sure you want to abandon this character and quit the game? (Confirm with "yes".)

.....#..†................#
.....####..###...........#
.....# ##.# ##.........##
....## #..# ##...#...##
....# ##.. ######### ....#
#.## ##### #..## #####
###..####
....#######.÷...@.#
....#.............#
......#####.......#
....### ######### ....#
....# #####


There were no monsters in sight!

Vanquished Creatures
  A scorpion (D:2)
  3 adders
  3 dart slugs
  2 leopard geckos (D:2)
  3 orcs (D:3)
  A ball python (D:3)
  A giant cockroach (D:2)
  4 goblins
  3 hobgoblins
  6 jackals (D:3)
  A quokka (D:2)
  A bat (D:3)
  4 frilled lizards (D:3)
  3 kobolds
  6 rats
42 creatures vanquished.

Vanquished Creatures (collateral kills)
  A kobold (D:2)
1 creature vanquished.

Grand Total: 43 creatures vanquished

Notes
Turn   | Place    | Note
-------+----------+-------------------------------------------
     0 | D:1      | tidbits the Gnoll Transmuter began the quest for the Orb.
     0 | D:1      | Reached XP level 1. HP: 17/17 MP: 6/6
    48 | D:1      | Reached XP level 2. HP: 22/23 MP: 7/7
    52 | D:1      | Learned a level 2 spell: Sticks to Snakes
    88 | D:2      | Noticed a scorpion
   103 | D:2      | Killed a scorpion
   103 | D:2      | Reached skill level 5 in Spellcasting
   103 | D:2      | Reached skill level 1 in Invocations
   103 | D:2      | Reached XP level 3. HP: 27/28 MP: 3/9
   105 | D:2      | Reached skill level 1 in Short Blades
   105 | D:2      | Reached skill level 1 in Long Blades
   105 | D:2      | Reached skill level 1 in Axes
   105 | D:2      | Reached skill level 1 in Maces & Flails
   105 | D:2      | Reached skill level 1 in Polearms
   105 | D:2      | Reached skill level 1 in Staves
   105 | D:2      | Reached skill level 1 in Slings
   105 | D:2      | Reached skill level 1 in Bows
   105 | D:2      | Reached skill level 1 in Crossbows
   105 | D:2      | Reached skill level 1 in Throwing
   105 | D:2      | Reached skill level 1 in Armour
   105 | D:2      | Reached skill level 1 in Stealth
   105 | D:2      | Reached skill level 1 in Shields
   105 | D:2      | Reached skill level 1 in Evocations
   115 | D:2      | Learned a level 3 spell: Spider Form
   192 | D:2      | Reached XP level 4. HP: 33/34 MP: 3/11
   320 | D:3      | Reached skill level 1 in Conjurations
   320 | D:3      | Reached skill level 1 in Hexes
   320 | D:3      | Reached skill level 1 in Charms
   320 | D:3      | Reached skill level 1 in Summonings
   320 | D:3      | Reached skill level 1 in Necromancy
   320 | D:3      | Reached skill level 1 in Translocations
   320 | D:3      | Reached skill level 1 in Fire Magic
   320 | D:3      | Reached skill level 1 in Ice Magic
   320 | D:3      | Reached skill level 1 in Air Magic
   320 | D:3      | Reached skill level 1 in Earth Magic
   320 | D:3      | Reached skill level 1 in Poison Magic
   422 | D:3      | Reached XP level 5. HP: 31/40 MP: 1/12
   430 | D:3      | Gained mutation: You can translocate small distances at will. [potion of mutation]
   430 | D:3      | Gained mutation: You are frail. (-10% HP) [potion of mutation]
   430 | D:3      | Gained mutation: You possess an exceptional clarity of mind. [potion of mutation]
   431 | D:3      | Lost mutation: You possess an exceptional clarity of mind. [potion of mutation]
   431 | D:3      | Lost mutation: You can translocate small distances at will. [potion of mutation]
   431 | D:3      | Gained mutation: Your body sometimes deteriorates upon taking damage. [potion of mutation]
   431 | D:3      | Gained mutation: You have large cloven feet. [potion of mutation]
   432 | D:3      | Quit the game

Skill      XL: |  1  2  3  4 |
---------------+-------------+-----
Spellcasting   | 5 |  5.1
Invocations    | 1 |  1.4
Short Blades   | 1 |  1.3
Long Blades    | 1 |  1.3
Axes           | 1 |  1.3
Maces & Flails | 1 |  1.3
Polearms       | 1 |  1.3
Staves         | 1 |  1.3
Slings         | 1 |  1.3
Bows           | 1 |  1.3
Crossbows      | 1 |  1.3
Throwing       | 1 |  1.3
Armour         | 1 |  1.3
Stealth        | 1 |  1.3
Shields        | 1 |  1.3
Evocations     | 1 |  1.3
Conjurations   | 1 |  1.0
Hexes          | 1 |  1.0
Charms         | 1 |  1.0
Summonings     | 1 |  1.0
Necromancy     | 1 |  1.0
Translocations | 1 |  1.0
Fire Magic     | 1 |  1.0
Ice Magic      | 1 |  1.0
Air Magic      | 1 |  1.0
Earth Magic    | 1 |  1.0
Poison Magic   | 1 |  1.0
Fighting       | |  2.8
Dodging        | |  4.7
Unarmed Combat | |  6.6
Transmutations | |  3.9

Action                   |  1- 3 |  4- 6 || total
-------------------------+-------+-------++-------
Melee: Unarmed           |    28 |    50 ||    78
       Headbutt          |     3 |       ||     3
       Punch             |     1 |       ||     1
       Bite              |     3 |       ||     3
 Cast: Beastly Appendage |     5 |       ||     5
       Sticks to Snakes  |     1 |     1 ||     2
       Spider Form       |     1 |     6 ||     7
  Use: Scroll            |       |     1 ||     1
       Potion            |       |     2 ||     2
 Stab: Sleeping          |       |     1 ||     1
Armor: Robe              |     1 |     2 ||     3
       Skin              |       |     3 ||     3
Dodge: Dodged            |    12 |    21 ||    33

Table legend:
 A = Turns spent in this place as a percentage of turns spent in the entire game.
 B = Non-inter-level travel turns spent in this place as a percentage of non-inter-level travel turns spent in the entire game.
 C = Inter-level travel turns spent in this place as a percentage of turns spent in this place.
 D = Turns resting spent in this place as a percentage of non-inter-level travel turns spent in this place.
 E = Turns spent auto-exploring this place as a percentage of non-inter-level travel turns spent in this place.
 F = Non-inter-level travel turns spent in this place divided by the number of levels of this place that you've seen.
                   A       B       C       D       E      F
               +-------+-------+-------+-------+-------+----------------------
         Total | 100.0 | 100.0 |   0.0 |   0.0 |   0.0 | 144.0
       Dungeon | 100.0 | 100.0 |   0.0 |   0.0 |   0.0 | 144.0
               +-------+-------+-------+-------+-------+----------------------

Table legend:
 A = Kills in this place as a percentage of kills in entire the game.
 B = Kills by you in this place as a percentage of kills by you in the entire game.
 C = Kills by friends in this place as a percentage of kills by friends in the entire game.
 D = Other kills in this place as a percentage of other kills in the entire game.
 E = Experience gained in this place as a percentage of experience gained in the entire game.
 F = Experience gained in this place divided by the number of levels of this place that you have seen.
                   A       B       C       D       E      F
               +-------+-------+-------+-------+-------+----------------------
         Total | 100.0 | 100.0 | 100.0 |   N/A | 100.0 |  57.0
       Dungeon | 100.0 | 100.0 | 100.0 |   N/A | 100.0 |  57.0
               +-------+-------+-------+-------+-------+----------------------

Vault maps used:
D:1:      lightli_iron_boxes
D:2:      st_stairs_14
